 Dungeon Crawl Stone Soup version 0.22.1-2-g9c5b331 (webtiles) character file.

219828 Liatris the Severer (level 18, -5/147 HPs)
             Began as a Demonspawn Gladiator on Dec 26, 2018.
             Was an Elder of Makhleb.
             Killed by divine providence
             ... invoked by Saint Roka
              (12 damage)
             ... on level 3 of the Vaults on Dec 27, 2018.
             The game lasted 05:26:29 (31088 turns).

Liatris the Severer (Demonspawn Gladiator)         Turns: 31088, Time: 05:26:29

Health: -5/147     AC: 29    Str: 24    XL:     18   Next: 45%
Magic:  25/25      EV: 16    Int: 10    God:    Makhleb [****..]
Gold:   808        SH:  7    Dex: 18    Spells: 17/17 levels left

rFire    + . .     SeeInvis +   D - +7 broad axe (elec)
rCold    . . .     Gourm    .   g - +0 buckler
rNeg     + . .     Faith    .   i - +8 plate armour of Divine Compulsion {Str+4}
rPois    .         Spirit   .   Z - +0 mask of the Dragon {MR+ Slay+3 SInv}
rElec    +         Reflect  .   y - +2 cloak
rCorr    .         Harm     .   h - +2 pair of gloves
MR       +++..                  (boots unavailable)
Stlth    ..........             j - amulet of regeneration
HPRegen  0.74/turn              x - ring of positive energy
MPRegen  0.19/turn              q - ring of protection from magic

@: agile, studying Armour
A: talons 3, thin metallic scales 3, clumsy 1, deformed body, fire resistance 1,
powered by pain 1, weak 1, no potion heal 1, rot immunity, subdued magic 1
}: 1/15 runes: barnacled
a: Minor Destruction, Lesser Servant of Makhleb, Major Destruction, Renounce
Religion


You were on level 3 of the Vaults.
You worshipped Makhleb.
Makhleb was greatly pleased with you.
You were not hungry.

You visited 7 branches of the dungeon, and saw 32 of its levels.
You visited the Abyss 2 times.
You also visited: Labyrinth and Sewer.

You collected 2714 gold pieces.
You spent 1906 gold pieces at shops.

Inventory:

Hand Weapons
 d - a +2 scimitar of flaming
 w - a +3 war axe of freezing
 A - a +3 antimagic demon trident
 D - a +7 broad axe of electrocution (weapon)
 X - the +1 long sword "Tyklil" {venom, Dex+7}
   (You found it on level 6 of the Lair of Beasts)

   It poisons the flesh of those it strikes.
   It affects your dexterity (+7).
Missiles
 T - 6 throwing nets (quivered)
Armour
 a - +0 acid dragon scales
 g - a +0 buckler (worn)
 h - a +2 pair of gloves (worn)
 i - the +8 plate armour of Divine Compulsion (worn) {Str+4}
   (You bought it in a shop on level 2 of the Snake Pit)

   It affects your strength (+4).
 y - a +2 cloak (worn)
 z - a +3 chain mail of cold resistance
 G - +0 steam dragon scales
 Y - the +1 leather armour "Otruywn" {rPois}
   (You bought it in a shop on level 13 of the Dungeon)

   It protects you from poison.
 Z - the +0 mask of the Dragon (worn) {MR+ Slay+3 SInv}
   (You bought it in a shop on level 13 of the Dungeon)

   It affects your accuracy and damage with ranged weapons and melee attacks
   (+3).
   It affects your resistance to hostile enchantments.
   It lets you see invisible.
Jewellery
 b - an uncursed amulet of faith
 j - an amulet of regeneration (around neck)
 p - an uncursed ring of fire
 q - a ring of protection from magic (right hand)
 x - a ring of positive energy (left hand)
 I - an uncursed amulet of guardian spirit
 J - an uncursed ring of stealth
 K - an uncursed ring of stealth
Wands
 r - a wand of enslavement (11)
 s - a wand of flame (125)
 t - a wand of polymorph (34)
 E - a wand of digging (27)
 H - a wand of iceblast (12)
 N - a wand of random effects (35)
 P - a wand of acid (34)
 Q - a wand of scattershot (3)
 R - a wand of clouds (4)
 S - a wand of disintegration (7)
Scrolls
 c - a scroll of amnesia
 e - 13 scrolls of remove curse
 k - 4 scrolls of fog
 l - 3 scrolls of teleportation
 v - 5 scrolls of magic mapping
 C - 5 scrolls of fear
 U - 9 scrolls of identify
 V - a scroll of blinking
 W - 2 scrolls of brand weapon
Potions
 m - 5 potions of brilliance
 n - 2 potions of curing
 u - 2 potions of flight
 B - 2 potions of magic
Books
 O - a manual of Armour
Comestibles
 f - 29 rations


   Skills:
 + Level 14.4 Fighting
 * Level 11.6 Long Blades
 + Level 18.5 Axes
 + Level 2.3 Throwing
 + Level 12.6 Armour
 + Level 6.3 Dodging
 + Level 4.0 Stealth
 + Level 9.2 Shields
 + Level 9.5 Invocations
 + Level 2.3 Evocations


You had 17 spell levels left.
You didn't know any spells.
Your spell library contained the following spells:

 Spells                   Type           Power        Failure   Level  Hunger
 Animate Skeleton         Necr           N/A          97%         1    ##.....
 Infusion                 Chrm           #...         97%         1    ##.....
 Magic Dart               Conj           #...         97%         1    ##.....
 Pain                     Necr           #...         97%         1    ##.....
 Sandblast                Erth           #.....       97%         1    ##.....
 Summon Small Mammal      Summ           #...         97%         1    ##.....
 Call Imp                 Summ           #.......     99%         2    ###....
 Corpse Rot               Necr           N/A          99%         2    ###....
 Passwall                 Tmut/Erth      #.......     99%         2    ###....
 Searing Ray              Conj           #.....       99%         2    ###....
 Shroud of Golubria       Chrm/Tloc      #.........   99%         2    ###....
 Song of Slaying          Chrm           #.......     99%         2    ###....
 Sublimation of Blood     Necr           #.........   99%         2    ###....
 Call Canine Familiar     Summ           #.......     100%        3    ####...
 Dazzling Spray           Conj/Hex       #.....       100%        3    ####...
 Ignite Poison            Fire/Tmut/Pois #.......     100%        3    ####...
 Regeneration             Chrm/Necr      #.........   100%        3    ####...
 Spectral Weapon          Hex/Chrm       #.......     100%        3    ####...
 Stone Arrow              Conj/Erth      #.....       100%        3    ####...
 Summon Guardian Golem    Hex/Summ       #.......     100%        3    ####...
 Vampiric Draining        Necr           #.........   100%        3    ####...
 Animate Dead             Necr           N/A          100%        4    #####..
 Force Lance              Conj/Tloc      #.......     100%        4    #####..
 Fulminant Prism          Conj/Hex       #.........   100%        4    #####..
 Iskenderun's Mystic Bla  Conj           #.......     100%        4    #####..
 Leda's Liquefaction      Hex/Erth       #.........   100%        4    #####..
 Petrify                  Tmut/Erth      #.......     100%        4    #####..
 Summon Ice Beast         Ice/Summ       #.......     100%        4    #####..
 Summon Lightning Spire   Summ/Air       #.......     100%        4    #####..
 Agony                    Necr           #.......     100%        5    ######.
 Bolt of Draining         Conj/Necr      #.........   100%        5    ######.
 Bolt of Magma            Conj/Fire/Erth #.........   100%        5    ######.
 Dispel Undead            Necr           #.......     100%        5    ######.
 Excruciating Wounds      Chrm/Necr      #.........   100%        5    ######.
 Fireball                 Conj/Fire      #.........   100%        5    ######.
 Iskenderun's Battlesphe  Conj/Chrm      #.......     100%        5    ######.
 Lee's Rapid Deconstruct  Erth           #.........   100%        5    ######.
 Venom Bolt               Conj/Pois      #.........   100%        5    ######.
 Bolt of Fire             Conj/Fire      #.........   100%        6    #######
 Iron Shot                Conj/Erth      #.........   100%        6    #######
 Statue Form              Tmut/Erth      #........    100%        6    #######
 Orb of Destruction       Conj           #.........   100%        7    #######
 Ring of Flames           Chrm/Fire      #.........   100%        7    #######
 Spellforged Servitor     Conj/Summ      #.........   100%        7    #######
 Ignition                 Fire           #.........   100%        8    #######
 Shatter                  Erth           #.........   100%        9    #######


Dungeon Overview and Level Annotations

Branches:
Dungeon (15/15)            Temple (1/1) D:6            Lair (6/6) D:10
 Shoals (4/4) Lair:4        Snake (2/4) Lair:4        Slime (0/5) Lair:5
 Vaults (3/5) D:13          Crypt (0/3) Vaults:2     Depths (1/5) D:15
    Orc: D:9-12

Altars:
Cheibriados
Dithmenos
Elyvilon
Fedhas
Gozag
Hepliaklqana
Kikubaaqudgha
Makhleb
Nemelex Xobeh
Okawaru
Qazlal
Ru
Sif Muna
Trog
Uskayaw
Vehumet
Wu Jian
Xom
Yredelemnul
Zin
The Shining One
Beogh
Jiyva

Shops:
D:10 }   D:13 [([[*   D:15 :   Shoals:1 *   Snake:1 ?(*:}   Snake:2 ?=[

Annotations:
D:7 3 runed doors, troglodite's ghost, novice DsBe
D:10 exclusion: oklob plant
Lair:2 exclusion: oklob plant
Lair:3 Sonja
Lair:6 1 runed door, Bwemp's ghost, journeyman DsAs
Shoals:1 exclusion: Roxanne, Roxanne
Shoals:4 Ilsuiw
Vaults:3 Margery; Saint Roka


Innate Abilities, Weirdness & Mutations

You have claws for feet.
You are completely covered in thin metallic scales. (AC +4, rElec)
Your flesh is heat resistant. (rF+)
You sometimes gain a little power by taking damage.
You are immune to rotting.
You are clumsy. (Dex -2)
Armour fits poorly on your strangely shaped body.
You are weak. (Str -2)
Potions are less effective at restoring your health.
Your spells are a little easier to cast, but a little less powerful.


Message History

Beogh smites you!
* * * LOW HITPOINT WARNING * * *
A hell knight comes into view.
It is wielding a great sword of draining.
A vault sentinel comes into view. It is wielding a morningstar.
Found a stone staircase leading down.
An orc and an orc priest come into view.
The wolf spider hisses angrily.
You hear a shout!
Saint Roka mumbles some strange prayers to Beogh against you.
Beogh smites you!
* * * LOW HITPOINT WARNING * * *
A vault warden comes into view. It is wielding a war axe of chopping.
The hell knight casts a spell.
The hell knight seems to speed up.
The hell knight gestures wildly while chanting.
The hell knight seems to speed up.
An orc warrior and a vault guard come into view.
The orc warrior shouts!
Saint Roka calls down the wrath of Beogh upon you.
Beogh smites you!
You die... .. ps. pop.

#######o'##
#.....@o..# ####
#...o..o..# .....
#....O.o..#
......#...poopo.#
......'@op.oop..#
......#.........#
...>. #.........#
.... ###########
###


You could see Saint Roka, Margery, 3 hell knights, a necromancer, 4 orc
warriors, an ogre, 2 orc priests, an orc wizard and 4 orcs.

Vanquished Creatures
  A bone dragon (Abyss:4)
  A lich (Vaults:1)
  Polyphemus (Shoals:4)
  A sphinx (Vaults:2)
  Kirke (D:13)
  Frances (Lair:4)
  Gastronok (D:8)
  Louise (D:14)
  2 cacodemons
  A vault warden (Vaults:2)
  5 ironheart preservers
  An entropy weaver (Vaults:2)
  A minotaur (Lab)
  5 merfolk javelineers (Shoals:4)
  2 deep elf death magi (Vaults:2)
  4 merfolk impalers
  9 ogre magi
  2 fire dragons
  3 yaktaur captains (Vaults:2)
  A catoblepas (Shoals:4)
  A vault guard (Vaults:2)
  4 hydras
  A naga warrior (Snake:2)
  Harold (D:8)
  Erica (D:9)
  An alligator snapping turtle (Shoals:3)
  4 centaur warriors
  5 anacondas
  5 merfolk aquamancers
  A satyr (Shoals:2)
  A death knight (Vaults:3)
  18 two-headed ogres
  A tengu warrior (D:15)
  A vampire mage (Vaults:2)
  5 death yaks
  3 naga sharpshooters (Snake:2)
  3 thrashing horrors (Abyss:3)
  2 shock serpents (Snake:2)
  2 deep elf knights
  Urug (Lair:3)
  A sun demon (Abyss:3)
  Nergalle (Lair:3)
  3 wretched stars
  5 sixfirhies
  11 sea snakes
  A spatial maelstrom (Abyss:3)
  4 deep trolls (D:15)
  2 wizards (Vaults:2)
  A glowing orange brain (Vaults:1)
  3 ironbrand convokers
  5 unseen horrors
  A deep elf archer (Vaults:2)
  5 orc knights
  22 harpies
  2 naga ritualists
  2 wolf spiders
  3 mana vipers
  17 ugly things
  A shadow dragon skeleton (Abyss:3)
  6 cyclopes
  13 fauns
  A salamander (Snake:2)
  10 manticores
  A worldbinder (Abyss:4)
  11 merfolk sirens
  2 elephants (Lair:5)
  12 black mambas
  4 centaur zombies
  Maurice (D:8)
  A torpor snail (shapeshifter) (D:13)
  2 smoke demons
  4 naga magi (Snake:2)
  A gargoyle (D:15)
  3 vault sentinels
  2 orange demons (Abyss:3)
  7 water nymphs
  10 spiny frogs
  2 rime drakes
  5 komodo dragons
  12 yaktaurs
  3 freezing wraiths
  4 kobold demonologists (D:12)
  A tengu conjurer (D:15)
  A troll (shapeshifter) (D:15)
  A meliai (shapeshifter) (D:13)
  A polar bear (Lair:6)
  4 ancient zymes
  5 trolls
  8 wind drakes
  3 hornets
  25 merfolk
  3 raiju (Abyss:4)
  10 hippogriffs
  7 slime creatures
  A dream sheep (Lair:6)
  11 spriggans
  2 shadows
  9 snapping turtles
  8 water elementals (Shoals:3)
  8 flying skulls (Abyss:3)
  2 vampires
  6 wraiths
  15 wyverns
  A ynoxinul (Abyss:4)
  44 yaks
  6 hogs (D:12)
  Grum (D:8)
  3 chaos spawn
  3 hungry ghosts
  2 fire bats
  A hog (shapeshifter) (Vaults:1)
  3 neqoxecs
  5 vampire mosquitoes
  5 steam dragons
  A spatial vortex (Abyss:2)
  8 nagas
  A warg (Vaults:2)
  4 acid dragons
  6 black bears
  10 porcupines
  9 large abominations
  12 water moccasins
  2 sky beasts
  14 orc warriors
  4 ice beasts
  A phantom (D:4)
  19 ogres
  2 eyes of draining
  42 wolves
  7 boggarts
  5 centaurs
  A snapping turtle skeleton (Abyss:2)
  13 crocodiles
  8 small abominations
  Blork the orc (D:6)
  18 bullfrogs
  A big kobold (D:8)
  A gnoll sergeant (D:8)
  A glowing shapeshifter simulacrum (Vaults:2)
  A wyvern skeleton (D:11)
  6 scorpions
  5 killer bees (D:9)
  4 wights (D:8)
  8 electric eels
  A howler monkey (D:8)
  A bullfrog zombie (D:8)
  8 crimson imps
  7 jellies
  A gnoll shaman (D:7)
  9 hounds
  13 orc wizards
  2 bullfrog skeletons
  6 orc priests
  2 centaur skeletons
  Jessica (D:3)
  6 iguanas
  10 worker ants
  An ogre zombie (Abyss:3)
  3 hound zombies
  2 worker ant zombies
  10 gnolls
  3 river rats
  16 adders
  5 shadow imps
  An ufetubus (Abyss:3)
  An ooze (D:3)
  An adder skeleton (D:6)
  5 worms
  5 dart slugs
  4 leopard geckos
  64 orcs
  8 giant cockroaches
  4 goblins
  6 hobgoblins
  7 jackals
  8 quokkas
  8 ball pythons
  4 bats
  6 frilled lizards
  8 kobolds
  A quokka skeleton (D:4)
  16 rats
  A butterfly (D:6)
  9 fungi
  3 plants
1009 creatures vanquished.

Vanquished Creatures (collateral kills)
  Boris (Vaults:3)
  2 ironheart preservers (Vaults:2)
  Josephine (D:11)
  A jiangshi (Vaults:2)
  2 naga warriors
  A rakshasa (D:13)
  3 hydras
  5 two-headed ogres
  A deep elf knight (Vaults:2)
  A skeletal warrior (Vaults:1)
  2 sea snakes
  A wizard (Vaults:2)
  A deep elf archer (Vaults:1)
  4 harpies
  An orc knight (Vaults:3)
  3 elephants (Lair:5)
  2 merfolk sirens
  A naga mage (Snake:2)
  A spiny frog (Lair:5)
  2 rime drakes (Shoals:2)
  A komodo dragon (Lair:6)
  A freezing wraith (D:13)
  3 polar bears
  2 trolls
  2 merfolk
  3 hornets
  3 blink frogs (Lair:3)
  A wraith (D:15)
  A spriggan (Lair:6)
  A water elemental (Shoals:3)
  2 yaks
  2 basilisks
  A naga (Snake:2)
  A water moccasin (Lair:6)
  2 black bears (Lair:6)
  5 wolves
  4 ogres
  2 crocodiles (Lair:6)
  2 shadow imps (D:15)
  3 orcs
  A kobold (D:12)
  2 fungi (Lair:6)
81 creatures vanquished.

Vanquished Creatures (others)
  6 yaks
  A human (D:13)
  2 orc warriors (D:6)
  A boggart (Lair:6)
  2 ogres (D:6)
  A bullfrog (D:6)
  An iguana (D:6)
  A worker ant (D:11)
  2 orcs (D:13)
  2 giant cockroaches (D:6)
  A jackal (D:6)
  3 fungi
  A lurking horror (Abyss:4)
  7 plants
  6 starspawn tentacles (Abyss:2)
37 creatures vanquished.

Grand Total: 1127 creatures vanquished

Notes
Turn   | Place    | Note
-------+----------+-------------------------------------------
     0 | D:1      | Liatris the Demonspawn Gladiator began the quest for the
                  | Orb.
     0 | D:1      | Reached XP level 1. HP: 16/16 MP: 1/1
   264 | D:1      | Gained mutation: You are partially covered in thin metallic
                  | scales. (AC +2) [demonic ancestry]
   264 | D:1      | Reached XP level 2. HP: 19/22 MP: 2/2
   454 | D:1      | Reached skill level 3 in Axes
   977 | D:2      | Gained mutation: You have sharp toenails. [demonic
                  | ancestry]
   977 | D:2      | Reached XP level 3. HP: 27/27 MP: 3/3
  1285 | D:2      | Reached XP level 4. HP: 33/33 MP: 4/4
  1408 | D:3      | Noticed Jessica
  1416 | D:3      | Killed Jessica
  1416 | D:3      | Reached skill level 1 in Shields
  1491 | D:3      | Reached skill level 4 in Axes
  1653 | D:3      | Gained mutation: You are immune to rotting. [demonic
                  | ancestry]
  1653 | D:3      | Reached XP level 5. HP: 39/39 MP: 5/5
  2026 | D:3      | Found a stormy altar of Qazlal.
  2056 | D:3      | Reached skill level 1 in Armour
  2133 | D:4      | Found an ancient bone altar of Kikubaaqudgha.
  2194 | D:4      | Noticed a phantom
  2216 | D:4      | Gained mutation: You have razor-sharp toenails. [demonic
                  | ancestry]
  2216 | D:4      | Reached XP level 6. HP: 34/47 MP: 6/6
  2311 | D:4      | Reached skill level 5 in Axes
  2469 | D:4      | Found a burning altar of Makhleb.
  2481 | D:4      | Became a worshipper of Makhleb the Destroyer
  2528 | D:5      | Entered Level 5 of the Dungeon
  2539 | D:5      | Reached XP level 7. HP: 47/53 MP: 7/7
  2667 | D:5      | Found a sparkling altar of Nemelex Xobeh.
  3110 | D:5      | Reached skill level 6 in Axes
  3241 | D:6      | Killed a yak
  3286 | D:6      | Noticed Blork the orc
  3293 | D:6      | Killed Blork the orc
  3337 | D:6      | Found an ornate altar of the Wu Jian Council.
  3340 | D:6      | Found a staircase to the Ecumenical Temple.
  3542 | D:6      | Gained mutation: You are mostly covered in thin metallic
                  | scales. (AC +3) [demonic ancestry]
  3542 | D:6      | Reached XP level 8. HP: 61/61 MP: 8/8
  3575 | D:6      | Found a glowing drain.
  3594 | Sewer    | Entered a sewer
  3647 | Sewer    | Reached * piety under Makhleb
  4140 | D:6      | Found a shimmering altar of Xom.
  4274 | D:6      | Identified a scroll of acquirement
  4632 | D:7      | Reached skill level 7 in Axes
  4666 | D:7      | Reached skill level 5 in Fighting
  4699 | D:7      | Reached ** piety under Makhleb
  5013 | D:7      | Found a runed gate.
  5018 | D:7      | Found a runed gate.
  5019 | D:7      | Found a runed gate.
  5022 | D:7      | Noticed troglodite's ghost (novice DsBe)
  5355 | D:8      | Noticed Maurice
  5364 | D:8      | Killed Maurice
  5364 | D:8      | Reached skill level 8 in Axes
  5364 | D:8      | Reached skill level 1 in Stealth
  5368 | D:8      | Gained mutation: You are completely covered in thin
                  | metallic scales. (AC +4, rElec) [demonic ancestry]
  5368 | D:8      | Reached XP level 9. HP: 68/68 MP: 9/9
  5432 | D:8      | Noticed Gastronok
  5451 | D:8      | Noticed Harold
  5590 | D:8      | Noticed a two-headed ogre
  5599 | D:8      | Reached skill level 9 in Axes
  5604 | D:8      | Killed a two-headed ogre
  5604 | D:8      | Reached *** piety under Makhleb
  5710 | D:8      | Killed Harold
  5710 | D:8      | Reached skill level 10 in Axes
  5710 | D:8      | Gained mutation: You have claws for feet. [demonic
                  | ancestry]
  5710 | D:8      | Reached XP level 10. HP: 79/79 MP: 10/10
  5810 | D:8      | Noticed Grum
  5826 | D:8      | Killed Grum
  5915 | D:8      | Killed Gastronok
  5915 | D:8      | Reached skill level 11 in Axes
  5915 | D:8      | Reached skill level 1 in Evocations
  6211 | D:9      | Noticed a catoblepas
  6258 | D:9      | Noticed Erica
  6261 | D:9      | Noticed a two-headed ogre
  6262 | D:9      | Killed Erica
  6267 | D:9      | Killed a two-headed ogre
  6267 | D:9      | Reached XP level 11. HP: 86/86 MP: 10/12
  6276 | D:9      | Reached skill level 5 in Armour
  6598 | D:9      | Found a sacrificial altar of Ru.
  6673 | D:9      | Found a glowing silver altar of Zin.
  6784 | D:9      | Found a shadowy altar of Dithmenos.
  6955 | D:10     | Entered Level 10 of the Dungeon
  6958 | D:10     | Reached **** piety under Makhleb
  7354 | D:10     | Found Wonoad's Gadget Boutique.
  7363 | D:10     | Found a snail-covered altar of Cheibriados.
  7363 | D:10     | Noticed an oklob plant
  7417 | D:10     | Found a staircase to the Lair.
  7669 | Lair:1   | Entered Level 1 of the Lair of Beasts
  7795 | Lair:1   | Reached skill level 12 in Axes
  7847 | Lair:1   | Noticed a five-headed hydra
  7930 | Lair:1   | Killed a one-headed hydra
  8027 | Lair:1   | Found a labyrinth entrance.
  8038 | Lab      | Entered a labyrinth
  8424 | Lab      | Noticed a minotaur
  8441 | Lab      | Killed a minotaur
  8504 | Lair:1   | Reached ***** piety under Makhleb
  8656 | Lair:1   | Reached XP level 12. HP: 95/95 MP: 13/13
  9127 | Lair:2   | Reached skill level 13 in Axes
  9185 | Lair:2   | Reached skill level 5 in Shields
  9844 | Lair:3   | Noticed Urug
  9851 | Lair:3   | Reached skill level 1 in Long Blades
  9867 | Lair:3   | Killed Urug
  9920 | Lair:3   | Noticed Nergalle
  9930 | Lair:3   | Killed Nergalle
 10094 | Lair:3   | Noticed Sonja
 10125 | Lair:3   | Noticed a seven-headed hydra
 10323 | Lair:3   | Killed a five-headed hydra
 10449 | Lair:3   | Noticed a four-headed hydra
 10459 | Lair:3   | Killed a four-headed hydra
 10866 | Lair:4   | Reached skill level 1 in Invocations
 10872 | Lair:4   | Reached skill level 10 in Fighting
 11063 | Lair:4   | Found a staircase to the Shoals.
 11189 | Lair:4   | Reached XP level 13. HP: 101/103 MP: 14/14
 11258 | Lair:4   | Found a staircase to the Snake Pit.
 11881 | Lair:5   | Reached skill level 14 in Axes
 11900 | Lair:5   | Reached skill level 5 in Dodging
 12438 | Lair:5   | Found a staircase to the Slime Pits.
 12438 | Lair:5   | Found a viscous altar of Jiyva.
 12792 | Lair:6   | Entered Level 6 of the Lair of Beasts
 13281 | Lair:6   | Reached skill level 5 in Long Blades
 13478 | Lair:6   | Paralysed by a hornet for 2 turns
 13527 | Lair:6   | Got a blackened long sword
 13555 | Lair:6   | Identified the +1 long sword "Tyklil" {venom, Dex+7} (You
                  | found it on level 6 of the Lair of Beasts)
 13829 | Lair:6   | Found a runed door.
 13829 | Lair:6   | Found a shimmering altar of Xom.
 13829 | Lair:6   | Noticed Bwemp's ghost (journeyman DsAs)
 14370 | D:11     | Gained mutation: Your flesh is heat resistant. (rF+)
                  | [demonic ancestry]
 14370 | D:11     | Reached XP level 14. HP: 111/111 MP: 17/17
 14417 | D:11     | Found a roughly hewn altar of Beogh.
 14807 | D:11     | Noticed Josephine
 15048 | D:11     | Killed Josephine
 15368 | D:12     | Reached skill level 15 in Axes
 15686 | D:12     | Found a basalt altar of Yredelemnul.
 16042 | D:13     | Found Huoruvog's Armour Shoppe.
 16049 | D:13     | Noticed Kirke
 16142 | D:13     | Found Otomm's Armour Shoppe.
 16284 | D:13     | Found Tonnew's General Store.
 16378 | D:13     | Killed Kirke
 16378 | D:13     | Reached skill level 5 in Invocations
 16382 | D:13     | Found a shadowy altar of Dithmenos.
 16437 | D:13     | Found Matucw's Armour Emporium.
 16441 | D:13     | Bought the +1 leather armour "Otruywn" {rPois} for 291 gold
                  | pieces
 16495 | D:13     | Found Ucrezikh's Weapon Emporium.
 16630 | D:13     | Found a gate to the Vaults.
 16726 | D:13     | Bought the +0 mask of the Dragon {MR+ Slay+3 SInv} for 467
                  | gold pieces
 16726 | D:13     | Found the +0 mask of the Dragon {MR+ Slay+3 SInv}
 17621 | D:14     | Noticed Louise
 17636 | D:14     | Killed Louise
 17835 | D:15     | Entered Level 15 of the Dungeon
 18354 | D:15     | Found a staircase to the Depths.
 18444 | D:15     | Gained mutation: You sometimes gain a little power by
                  | taking damage. [demonic ancestry]
 18444 | D:15     | Reached XP level 15. HP: 96/120 MP: 19/19
 18466 | D:15     | Found Owniv's Book Shop.
 18948 | D:15     | Got a smoking leather armour
 18949 | D:15     | Identified the cursed +0 leather armour of Dawn {SInv
                  | Stlth+} (You found it on level 15 of the Dungeon)
 19360 | Snake:1  | Entered Level 1 of the Snake Pit
 19655 | Snake:1  | Found Akleodonwo's Gadget Shop.
 19789 | Snake:1  | Found Nuemonwo's Book Shop.
 19793 | Snake:1  | Found Assat's Assorted Antiques.
 19902 | Snake:1  | Found Mackus's Antique Weapon Shoppe.
 20096 | Snake:1  | Found Waxyeb's Magic Scroll Shoppe.
 20699 | Snake:2  | Reached skill level 16 in Axes
 21253 | Snake:2  | Noticed a nagaraja
 21270 | Snake:2  | Found Heqigouz's Antique Armour Boutique.
 21272 | Snake:2  | Found Oneirghe's Jewellery Shop.
 21426 | Snake:2  | Found Zeharus's Magic Scroll Boutique.
 21460 | Snake:2  | Bought a scorched plate armour for 1148 gold pieces
 21460 | Snake:2  | Identified the +8 plate armour of Divine Compulsion {Str+4}
                  | (You bought it in a shop on level 2 of the Snake Pit)
 21552 | Snake:2  | Noticed a nagaraja
 21637 | Shoals:1 | Entered Level 1 of the Shoals
 21637 | Shoals:1 | Noticed Frances
 21754 | Lair:4   | Killed Frances
 21776 | Shoals:1 | Noticed Roxanne
 21782 | Shoals:1 | Found Runiergh's Retail Resort.
 23259 | Shoals:2 | Reached XP level 16. HP: 129/129 MP: 21/21
 23669 | Shoals:3 | Reached skill level 10 in Armour
 24571 | Shoals:3 | Cast into level 2 of the Abyss (merfolk impaler)
 24899 | Abyss:3  | Noticed a tentacled starspawn
 25045 | Abyss:3  | Reached skill level 17 in Axes
 25090 | Abyss:3  | Found a snail-covered altar of Cheibriados.
 25121 | Abyss:3  | Found a stormy altar of Qazlal.
 25174 | Abyss:3  | Gained mutation: You are weak. (Str -2) [a cacodemon]
 25175 | Abyss:3  | Gained mutation: Armour fits poorly on your strangely
                  | shaped body. [a cacodemon]
 25208 | Abyss:3  | Noticed a bone dragon
 25261 | Shoals:3 | Escaped the Abyss
 25411 | Shoals:4 | Entered Level 4 of the Shoals
 25490 | Shoals:4 | Noticed Polyphemus
 25616 | Shoals:4 | Killed Polyphemus
 25701 | Shoals:4 | Reached skill level 10 in Long Blades
 26323 | Shoals:3 | Cast into level 2 of the Abyss (merfolk impaler)
 26417 | Abyss:2  | Noticed a tentacled starspawn
 26589 | Abyss:4  | Gained mutation: Your spells are a little easier to cast,
                  | but a little less powerful. [a cacodemon]
 26603 | Abyss:4  | Reached XP level 17. HP: 87/136 MP: 23/23
 26647 | Abyss:4  | Noticed a bone dragon
 26658 | Abyss:4  | Killed a bone dragon
 26718 | Abyss:4  | Gained mutation: Potions are less effective at restoring
                  | your health. [a neqoxec]
 26719 | Abyss:4  | Gained mutation: You are clumsy. (Dex -2) [a neqoxec]
 26735 | Shoals:3 | Escaped the Abyss
 27245 | Shoals:4 | Noticed Ilsuiw
 27398 | Shoals:4 | Got a barnacled rune of Zot
 27727 | Temple   | Entered the Ecumenical Temple
 28228 | Depths:1 | Entered Level 1 of the Depths
 28489 | Vaults:1 | Entered Level 1 of the Vaults
 28861 | Vaults:1 | Reached skill level 18 in Axes
 29054 | Vaults:1 | Noticed a lich
 29064 | Vaults:1 | Killed a lich
 30020 | Vaults:2 | Reached XP level 18. HP: 146/146 MP: 24/24
 30693 | Vaults:2 | Found a staircase to the Crypt.
 30874 | Vaults:3 | Noticed Boris
 30892 | Vaults:3 | Killed Boris
 31086 | Vaults:3 | Noticed Margery
 31086 | Vaults:3 | Noticed Saint Roka
 31087 | Vaults:3 | HP: 6/147 [Saint Roka/divine providence (11)]
 31088 | Vaults:3 | Killed from afar by Saint Roka

Skill      XL: |  1  2  3  4  5  6  7  8  9 10 11 12 13 14 15 16 17 18 |
---------------+-------------------------------------------------------+-----
Dodging        | 3 4 5 6 |  6.3
Axes           | 3 4 5 6 8 10 11 12 13 14 15 16 17 18 | 18.5
Shields        | 1 2 3 4 5 6 7 8 9 |  9.2
Armour         | 1 2 3 4 6 7 8 9 10 12 | 12.6
Fighting       | 3 4 5 7 8 9 10 11 12 13 14 | 14.4
Throwing       | 2 |  2.3
Stealth        | 1 2 3 4 |  4.0
Evocations     | 1 2 |  2.3
Long Blades    | 3 5 7 8 10 11 | 11.6
Invocations    | 1 4 5 7 8 9 |  9.5

Action                   |  1- 3 |  4- 6 |  7- 9 | 10-12 | 13-15 | 16-18 || total
-------------------------+-------+-------+-------+-------+-------+-------++-------
Melee: War axe           |    64 |   143 |   150 |       |       |       ||   357
       Kick              |     7 |    32 |    71 |   161 |   407 |   386 ||  1064
       Broad axe         |       |       |   142 |   480 |  1102 |   986 ||  2710
       Scimitar          |       |       |       |    11 |    28 |       ||    39
Throw: Throwing net      |       |       |     6 |     3 |       |       ||     9
Invok: Lesser Servant of |       |       |       |     5 |    57 |    44 ||   106
       Greater Servant o |       |       |       |       |     1 |     3 ||     4
       Major Destruction |       |       |       |       |     7 |       ||     7
Evoke: Wand              |       |       |     2 |     4 |    14 |       ||    20
  Use: Scroll            |     6 |     4 |    16 |    12 |    30 |     7 ||    75
       Potion            |     2 |     2 |     7 |     7 |    14 |    12 ||    44
 Stab: Invisible         |       |       |     2 |       |       |       ||     2
       Held in net/web   |       |       |     1 |       |       |       ||     1
       Distracted        |       |       |       |       |     5 |     9 ||    14
       Sleeping          |       |       |       |       |     1 |       ||     1
  Eat: Ration            |     1 |     1 |     3 |     6 |    12 |     8 ||    31
Armor: Leather armour    |     3 |       |       |       |    27 |       ||    30
       Scale mail        |    15 |    24 |       |       |       |       ||    39
       Chain mail        |       |    60 |   162 |   322 |   467 |       ||  1011
       Plate armour      |       |       |       |       |   124 |   607 ||   731
Dodge: Dodged            |    36 |    75 |    94 |   188 |   484 |   409 ||  1286
Block: Buckler           |    10 |    23 |    56 |   138 |   293 |   277 ||   797
       Rpst.: Scimitar   |       |       |       |     2 |     7 |       ||     9
